Map: Ruins of Endion

Players

capac

  • Race: Terran Terran
  • League: Gold

fahirn - Winner!

  • Race: Terran Terran
  • League: Gold

VOD

Have the link to the VOD?

Description

Time

  • Played on: April 10, 2016, 1:57 p.m.
  • Length: 12:58
Show
View Real Time Build Order
Export as new Build Order

capac Terran 

Build Orders: Banshee Rush 

Get SALT Encoding   

  12  0:01  SCV  
  13  0:13  SCV  
  14  0:18  Supply Depot  
  14  0:25  SCV  
  15  0:40  SCV  
  15  0:42  Barracks  
  16  0:46  Refinery  
  16  0:54  SCV  
  17  1:13  SCV  
  18  1:19  Supply Depot  
  18  1:25  SCV  
  18  1:30  Marine  
  20  1:39  SCV  
  21  1:44  Refinery  
  21  1:50  Factory  
  21  1:52  Orbital Command  
  21  1:55  Marine  
  22  2:15  Marine  
  23  2:18  SCV  
  24  2:31  SCV  
  24  2:35  Starport  
  24  2:36  Factory Tech Lab  
  25  2:40  Marine  
  25  2:43  SCV  
  27  2:55  Starport, SCV  
  28  3:09  Marine  
  29  3:25  Cloaking Field  
  29  3:30  Supply Depot  
  29  3:31  Marine, Banshee  
  33  3:38  Starport Tech Lab  
  33  3:56  Command Center  
  33  4:02  Banshee  
  35  4:05  Supply Depot  
  35  4:07  Factory Tech Lab  
  35  4:08  Marine  
  36  4:11  SCV  
  37  4:25  Barracks  
  40  4:32  Banshee  
  40  4:41  Supply Depot  
  40  4:45  Banshee  
  32  6:00  Viking  
  34  6:06  SCV  
  32  7:17  SCV  
  33  7:33  SCV  
  34  7:45  Barracks Tech Lab, SCV  
  34  7:46  Barracks Reactor  
  34  7:47  Siege Tank  
  36  8:00  SCV  
  37  8:13  SCV  
  37  8:15  Orbital Command  
  37  8:19  Refinery  
  38  8:28  SCV  
  39  8:38  Marine x2  
  39  8:40  Siege Tank  
  44  8:48  SCV x2  
  46  8:56  Viking  
  48  9:04  Marine x2  
  48  9:05  Marine  
  48  9:06  SCV  
  52  9:21  SCV x2  
  54  9:32  Refinery  
  54  9:33  Viking, SCV x2  
  58  9:39  Banshee  
  61  9:53  SCV x2  
  38  11:18  Banshee x2  
  44  11:50  Marine  
  45  12:07  Marine  
  46  12:18  Viking x2  
  47  12:38  Marine  
Show
View Real Time Build Order
Export as new Build Order

fahirn Terran - Winner!

Build Orders:  

Get SALT Encoding   

  12  0:01  SCV  
  13  0:13  SCV  
  14  0:25  Supply Depot, SCV  
  15  0:47  SCV  
  15  0:48  Barracks  
  16  0:53  Refinery  
  16  0:59  SCV  
  17  1:11  Supply Depot, SCV  
  18  1:23  SCV  
  19  1:29  Refinery  
  19  1:35  SCV  
  19  1:37  Marine  
  21  1:47  SCV  
  22  1:55  Marine  
  22  2:00  SCV  
  24  2:03  Factory  
  24  2:12  SCV  
  24  2:13  Supply Depot, Marine  
  26  2:28  SCV  
  27  2:31  Marine  
  28  2:40  SCV  
  29  2:48  Widow Mine, Starport, Marine  
  32  2:57  Orbital Command  
  32  3:03  Supply Depot  
  32  3:06  Marine  
  33  3:15  Engineering Bay  
  33  3:21  Factory Tech Lab  
  33  3:24  Marine  
  34  3:33  Bunker  
  34  3:44  Missile Turret  
  34  3:46  Missile Turret  
  34  3:48  Missile Turret  
  34  3:49  Medivac  
  36  3:56  Terran Infantry Weapons Level 1  
  36  4:11  Missile Turret  
  36  4:12  Marine  
  37  4:21  Liberator, Siege Tank  
  40  4:29  Marine  
  41  4:33  Supply Depot  
  44  5:21  Marine  
  45  5:22  Missile Turret  
  45  5:28  Command Center  
  45  5:38  Marine  
  44  5:45  SCV  
  45  5:56  Marine  
  45  5:57  SCV  
  45  6:09  SCV  
  46  6:14  Marine, Missile Turret  
  46  6:16  Widow Mine, Starport Reactor  
  49  6:21  SCV  
  50  6:32  Supply Depot, Marine  
  51  6:33  SCV  
  52  6:45  Widow Mine, SCV  
  51  6:57  SCV  
  50  7:04  Missile Turret  
  50  7:10  Missile Turret  
  50  7:11  SCV x2  
  50  7:15  Siege Tank  
  55  7:19  Missile Turret  
  55  7:21  Marine  
  56  7:23  SCV x2  
  56  7:27  Missile Turret x2  
  58  7:35  SCV  
  62  7:49  Siege Tank  
  65  7:58  Viking x2  
  66  8:12  Missile Turret  
  66  8:13  Barracks  
  66  8:14  Barracks  
  66  8:21  Siege Tank  
  66  8:26  SCV  
  70  8:29  Refinery  
  70  8:31  Refinery  
  70  8:38  SCV  
  71  8:46  Missile Turret  
  71  8:51  SCV  
  72  8:59  Medivac x2  
  76  9:03  SCV  
  77  9:15  SCV  
  78  9:24  Terran Infantry Armor Level 1  
  78  9:25  Missile Turret x2  
  78  9:36  Barracks Tech Lab x2  
  78  9:40  Supply Depot  
  78  9:45  Missile Turret  
  78  10:01  Marine  
  78  10:02  Siege Tank, SCV  
  78  10:04  Supply Depot  
  80  10:14  SCV  
  81  10:26  SCV  
  81  10:27  Supply Depot  
  80  10:34  Siege Tank  
  63  11:08  Marine x3  
  63  11:26  Marine x3  
  64  11:43  Marine  
  64  11:44  Marine x2  
  64  11:45  SCV  
  68  11:58  SCV  
  67  12:01  Marine  
  67  12:02  Marine  
  69  12:14  Viking x2  
  73  12:19  Marine x2  
  75  12:26  Command Center  
  75  12:27  Command Center  
  75  12:29  Missile Turret x2  
  73  12:30  Missile Turret  
  73  12:32  Missile Turret  
  73  12:33  Missile Turret x2  
  73  12:37  Marine  
Tags
 
Add a new tag
Caveats
  • Supply blocks, unpowered buildings, or Contaminate may cause inaccurate times.
  • Supply counts are checked every 10 seconds.